 Dungeon Crawl Stone Soup version 0.31-a0-544-gceb718ecc6 (webtiles) character file.

Game seed: 14431747520752005444

21 Shayle the Changeling (level 2, -1/29 HPs)
             Began as an Ogre Shapeshifter on Aug 15, 2023.
             Slain by Terence
             ... wielding a +2 hand axe of flaming
              (2 damage)
             ... on level 2 of the Dungeon.
             The game lasted 00:01:57 (874 turns).

Shayle the Changeling (Ogre Shapeshifter)            Turns: 874, Time: 00:01:57

Health: -1/29      AC:  3    Str: 18    XL:     2   Next: 87%
Magic:  3/3        EV:  9    Int:  9    God:
Gold:   88         SH:  0    Dex:  9    Spells: 3/3 levels left

rFire   . .          .
                       - Unarmed
rCold   . . .        (no shield)
rNeg    . . .        a - +0 animal skin
rPois   .            (helmet currently unavailable)
rElec   .            (cloak currently unavailable)
rCorr   .            (gloves unavailable)
SInv    .            (boots unavailable)
Will    +....        (no amulet)
Stlth   +            (no ring)
HPRegen 0.24/turn    (no ring)
MPRegen 0.08/turn

%: no passive effects
@: beast-form, enlightened, flying
A: beast (slay +2), large, unfitting armour, tough skin 1
a: Begin Untransformation


You were on level 2 of the Dungeon.
You were a hulking beast.
You visited 1 branch of the dungeon, and saw 2 of its levels.

You collected 88 gold pieces.

Inventory:

Armour
 a - a +0 animal skin (worn)
Talismans
 c - a beast talisman (active)
 d - a flux talisman
Scrolls
 e - a scroll of revelation {unknown}
 f - a scroll of fear {unknown}
 i - a scroll of enchant weapon {unknown}
 j - a scroll of torment {unknown}
 l - a scroll of silence {unknown}
 n - a scroll of teleportation {unknown}
Potions
 b - a potion of lignification
 g - a potion of enlightenment
 k - a potion of degeneration {unknown}
 m - 2 potions of mutation {unknown}
 o - a potion of cancellation {unknown}


   Skills:
 + Level 2.4 Fighting
 - Level 1.7 Dodging
 + Level 3.0 Unarmed Combat
 + Level 1.3 Spellcasting
 - Level 3.0 Shapeshifting


You had 3 spell levels left.
You didn't know any spells.
Your spell library was empty.

Dungeon Overview and Level Annotations

Branches:
Dungeon (2/15)

Altars:

Annotations:
D:2 Terence


Innate Abilities, Weirdness & Mutations

You are a hulking beast.
Your limbs bulge with bestial killing power. (Slay +2)
You are too large for most types of armour.
You have tough skin. (AC +1)


Message History

Terence struggles against the net.
You completely miss Terence.
Terence is moderately wounded.
Terence struggles against the net.
You hit Terence.
Terence is severely wounded.
Terence struggles against the net.
The net rips apart, and Terence comes free!
You hit Terence but do no damage.
Terence is severely wounded.
Terence hits you with a +2 hand axe of flaming.
Terence burns you.
Throw: throwing net
Press: ? - help, Q - select action Shift-Dir - straight line, f/p - Terence
Aim: Terence, wielding a +2 hand axe of flaming and wearing a +0 chain mail (severely wounded, 62% to hit)
You throw a throwing net. The throwing net barely misses Terence.
Terence hits you with a +2 hand axe of flaming.
Terence burns you.
You closely miss Terence.
Terence is severely wounded.
Terence hits you with a +2 hand axe of flaming.
Terence burns you.
You barely miss Terence.
Terence is severely wounded.
Terence hits you with a +2 hand axe of flaming.
* * * LOW HITPOINT WARNING * * *
Terence burns you.
* * * LOW HITPOINT WARNING * * *
You hit Terence.
Terence is almost dead.
Terence shouts, "ATTACK!!!"
Terence hits you with a +2 hand axe of flaming.
* * * LOW HITPOINT WARNING * * *
Terence burns you.
* * * LOW HITPOINT WARNING * * *
It was a potion of enlightenment.
You feel very buoyant.
You fly up into the air.
Terence hits you with a +2 hand axe of flaming.
You die...

#..#..#_#.~ ###.##
#..#..#.#.P. .....
#...PP..P#.P #....
#..~.⌠...#..##
#...
#.....⌠~.#P...
...#
....P~P.P#...# #..
....P...P.#..# #@#
#P.....PP.#P.###h#
..###.##.........#
#.# #.##......####
#.# #.##......#
#.###.###.#.###
......###....####
................+
#.#.###.......###
#.#.# #.#.#.#.#


You could see Terence.

Vanquished Creatures
  A dart slug (D:1)
  4 ball pythons (D:1)
  2 bats (D:1)
  3 endoplasms (D:1)
  A hobgoblin (D:1)
  3 jackals (D:1)
  A quokka (D:1)
15 creatures vanquished.

Notes
Turn   | Place    | Note
-------+----------+-------------------------------------------
     0 | D:1      | Shayle the Ogre Shapeshifter began the quest for the Orb.
     0 | D:1      | Reached XP level 1. HP: 19/19 MP: 1/1
   191 | D:1      | Reached XP level 2. HP: 18/28 MP: 1/3
   320 | D:1      | Reached skill level 1 in Spellcasting
   838 | D:2      | Found a faded altar of an unknown god.
   861 | D:2      | Noticed Terence
   873 | D:2      | HP: 1/29 [Terence/+2 hand axe of flaming (1)]
   874 | D:2      | Slain by Terence

Illustrated notes

Levels and vault maps discovered:
D:1:      nzn_arrival_water_spiral, layout_loops_cross, minmay_tree_intersection
D:2:      minmay_chambers_of_twos, layout_loops_corners,
          shapermc_ecumenical_altar_mp_ritualfount, uniq_terence

Skill      XL: |  1  2 |
---------------+-------+-----
Fighting       | 2 |  2.4
Spellcasting   | 1 |  1.3
Unarmed Combat | 3 |  3.0
Dodging        | |  1.7
Shapeshifting  | |  3.0

Action                     || total
---------------------------++-------
  Melee: Unarmed           ||    61
  Throw: Throwing net      ||     2
    Use: Potion            ||     1
 Armour: Animal skin       ||    18
  Dodge: Dodged            ||    25

Table legend: (Time is in decaauts)
 A = Elapsed time spent in this place.
 B = Non-inter-level travel time spent in this place.
 C = Inter-level travel time spent in this place.
 D = Time resting spent in this place.
 E = Time spent auto-exploring this place.
 F = Levels seen in this place.
 G = Mean time per level.
                   A        B        C        D        E       F      G
               +--------+--------+--------+--------+--------+-----+--------+
         Total |    870 |    842 |     28 |      0 |    635 |   2 |  435.0 |
       Dungeon |    870 |    842 |     28 |      0 |    635 |   2 |  435.0 |
               +--------+--------+--------+--------+--------+-----+--------+

Top non-repeatable levels by time:
     D:1: 813 daAuts
     D:2: 57 daAuts
